Condors vs Reign

Created - May 31, 2021 at 19:50

Goals
1 2 3 T
Condors 0 1 1 2
Reign 0 3 2 5
Shots
1 2 3 T
Condors 15 7 10 32
Reign 8 15 12 35

1st period

No Goal

Penalties :
Brendan Lemieux (Ont) for Roughing (Minor) at 2:08

2nd period

1. Reign , Ryan Hartman 5 (Lars Eller 4, Jonathan Drouin 10) at 11:26
2. Reign , Dmitri Orlov 3 (Zach Werenski 10, Griffin Reinhart 8) at 14:00 (PP)
3. Condors , Stephane Da Costa 7 (Daniel Zaar 3, Frederik Gauthier 10) at 15:38
4. Reign , Mikko Rantanen 12 (Zach Werenski 11, Jonathan Drouin 11) at 19:42 (PP)

Penalties :
Anton Slepyshev (Bak) for Roughing (Minor) at 1:07, Zac Leslie (Bak) for Goalie Interference (Minor) at 13:47, Brett Lernout (Bak) for Interference (Minor) at 19:00

3rd period

5. Reign , Zach Werenski 2 (Griffin Reinhart 9, Elvis Merzlikins) at 3:29 (PP)
6. Reign , Zach Werenski 3 (Griffin Reinhart 10, Alex Iafallo 4) at 5:03 (PP)
7. Condors , Tyler Bozak 8 (Anton Slepyshev 13, Gustav Olofsson 1) at 15:05

Penalties :
Ryan Hartman (Ont) for Holding Stick (Minor) at 0:03, Gustav Olofsson (Bak) for Hooking (Minor) at 2:53, Brett Lernout (Bak) for Interference (Minor) at 4:25, Josh Manson (Ont) for Fighting (Major) at 7:10, Nail Yakupov (Bak) for Fighting (Major) at 7:10, Lars Eller (Ont) for Holding (Minor) at 17:32

Goalie Stats

Ilya Samsonov (Bak), 30 saves from 35 shots - (0.857), L, 3-5-1, 60:00 minutes
Elvis Merzlikins (Ont), 30 saves from 32 shots - (0.938), W, 3-2-0, 60:00 minutes

Players Stats for Condors

Player Name              G  A  P  +/- PIM S  H  SB GA TA FO     MP     PP MP  PK MP  
------------------------------------------------------------------------------------
Adam Erne                0  0  0   0  0   0  2  0  1  0  0/0     8:10   0:07   0:00 
Alex Tuch                0  0  0  -1  0   0  2  0  0  1  0/1    16:07   2:31   0:00 
Anton Slepyshev          0  1  1   1  2   6  1  0  0  1  0/0    22:36   3:19   0:00 
Brett Lernout            0  0  0   1  4   1  1  5  0  1  0/0    24:39   2:19   2:05 
C.J Suess                0  0  0   0  0   2  0  0  0  0  0/0     7:39   0:00   0:00 
Carl Gunnarsson          0  0  0   1  0   2  3  0  0  2  0/0    24:51   3:38   1:01 
Chris Bigras             0  0  0  -1  0   1  1  2  0  0  0/0    17:41   2:19   0:00 
Christian Thomas         0  0  0   1  0   0  1  1  0  0  1/2    10:24   0:07   0:18 
Daniel Zaar              0  1  1   1  0   3  1  1  1  0  0/1    10:11   0:00   0:37 
Emil Djuse               0  0  0   0  0   0  0  0  0  0  0/0     8:15   0:00   3:07 
Erik Cernak              0  0  0   1  0   0  1  2  0  0  0/0    10:25   0:00   0:00 
Frederik Gauthier        0  1  1  -1  0   1  3  0  1  1  13/28  20:03   3:19   3:03 
Gustav Olofsson          0  1  1   1  2   1  0  1  0  0  0/0    14:19   0:00   1:02 
Kasperi Kapanen          0  0  0  -1  0   0  2  0  1  0  0/1    15:50   2:31   0:00 
Mark Jankowski           0  0  0   0  0   0  1  0  0  0  1/3    10:16   0:07   0:44 
Nail Yakupov             0  0  0   1  5   3  0  0  0  1  2/2    23:07   3:19   3:08 
Stephane Da Costa        1  0  1   1  0   4  1  1  0  0  2/2     9:34   0:00   0:00 
Tyler Bozak              1  0  1   1  0   7  0  0  2  0  7/30   21:53   2:31   0:26 
Zac Leslie               0  0  0  -1  2   1  3  0  0  0  0/0    19:46   3:38   1:01 

Players Stats for Reign

Player Name              G  A  P  +/- PIM S  H  SB GA TA FO     MP     PP MP  PK MP  
------------------------------------------------------------------------------------
Alex Iafallo             0  1  1  -1  0   2  3  0  0  0  0/1    18:19   1:25   1:16 
Brendan Lemieux          0  0  0  -1  2   1  3  0  1  0  0/1    16:06   2:43   1:03 
Daultan Leveillé         0  0  0  -1  0   2  0  2  0  0  11/18  18:41   1:25   1:50 
Derek Forbort            0  0  0   0  0   0  0  0  0  0  0/0     7:13   0:00   2:31 
Dmitri Orlov             1  0  1   1  0   2  1  1  0  0  0/0    13:25   0:52   2:31 
Griffin Reinhart         0  3  3  -2  0   2  0  1  2  2  0/0    21:20   3:16   0:00 
Jonathan Drouin          0  2  2   1  0   2  0  0  0  0  6/10   15:49   2:43   0:00 
Jordan Greenway          0  0  0   0  0   0  2  0  0  0  0/0     8:50   0:00   0:00 
Josh Anderson            0  0  0   0  0   3  3  0  1  0  0/0     8:50   0:00   0:00 
Josh Manson              0  0  0  -2  5   0  0  0  0  1  0/0    18:55   0:00   3:26 
Kurtis Macdermid         0  0  0   0  0   0  0  1  0  0  0/0     4:17   0:00   0:00 
Lars Eller               0  1  1   1  2   5  3  0  0  0  14/18  13:18   0:00   0:00 
Mark Stone               0  0  0  -1  0   1  0  0  1  0  0/0    12:28   0:00   0:00 
Matt Roy                 0  0  0   1  0   0  1  2  0  1  0/0     9:37   0:00   0:00 
Mike Amadio              0  0  0   0  0   3  1  0  1  0  0/3    12:04   0:00   3:14 
Mikko Rantanen           1  0  1  -1  0   1  1  0  0  0  1/1    17:55   2:43   0:00 
Nikita Zadorov           0  0  0   0  0   2  1  1  0  1  0/0    22:35   0:52   3:26 
Ryan Hartman             1  0  1   1  2   2  2  1  0  1  0/0    15:52   1:25   1:16 
Sergey Kalinin           0  0  0  -1  0   4  1  0  0  0  12/18  15:48   0:00   3:15 
Zach Werenski            2  2  4   0  0   3  1  1  1  0  0/0    22:37   3:16   0:00 

3 Stars

1 - Zach Werenski (Ont)
2 - Dmitri Orlov (Ont)
3 - Jonathan Drouin (Ont)

Power Play

Condors - 0 on 3 Attempt(s) - 0.00%
Reign - 4 on 5 Attempt(s) - 80.00%

Penalty Kill

Condors - 1 on 5 Attempt(s) - 20.00% - Score 0 goal in Penalty Kill
Reign - 3 on 3 Attempt(s) - 100.00% - Score 0 goal in Penalty Kill

Team Stat

Condors - Hits : 23 - Faceoff Wins : 26 - Blocked Shots : 13 - Penalty Minutes : 15
Reign - Hits : 23 - Faceoff Wins : 44 - Blocked Shots : 10 - Penalty Minutes : 11

Official

Referees : Unknown
Linesman : Unknown

Game Notes

Josh Manson and Nail Yakupov fight to a draw at 7:10 of 3rd period

Finance

Level 1 -- Attendance: 2000 (100.00%) -- Ticket Income $50,000
Level 2 -- Attendance: 1000 (100.00%) -- Ticket Income $10,000
Total Attendance: 3000 (100.00%)
Total Ticket Income: $60,000
Other Income: $3,000
Total Income: $63,000

Condors

5 vs 5 Forward 
   Center                   Left Wing                Right Wing               Time % Phy DF OF 
 1 Tyler Bozak              Anton Slepyshev          Nail Yakupov             40     1   2  2  
 2 Frederik Gauthier        Alex Tuch                Kasperi Kapanen          30     1   2  2  
 3 Stephane Da Costa        Christian Thomas         Daniel Zaar              20     1   2  2  
 4 Mark Jankowski           C.J Suess                Adam Erne                10     1   2  2  

5 vs 5 Defense 
   Defense                  Defense                                           Time % Phy DF OF 
 1 Carl Gunnarsson          Brett Lernout                                     40     1   2  2  
 2 Zac Leslie               Chris Bigras                                      30     1   2  2  
 3 Erik Cernak              Gustav Olofsson                                   20     1   2  2  
 4 Gustav Olofsson          Emil Djuse                                        10     1   2  2  

PowerPlay Forward 
   Center                   Left Wing                Right Wing               Time % Phy DF OF 
 1 Frederik Gauthier        Anton Slepyshev          Nail Yakupov             60     1   2  2  
 2 Tyler Bozak              Alex Tuch                Kasperi Kapanen          40     1   2  2  

PowerPlay Defense
   Defense                  Defense                                           Time % Phy DF OF 
 1 Carl Gunnarsson          Zac Leslie                                        60     1   2  2  
 2 Chris Bigras             Brett Lernout                                     40     1   2  2  

Penalty Kill 4 Players Forward 
   Center                   Wing                     Time % Phy DF OF 
 1 Frederik Gauthier        Nail Yakupov             60     1   2  2  
 2 Mark Jankowski           Daniel Zaar              40     1   2  2  

Penalty Kill 4 Players Defense
   Defense                  Defense                  Time % Phy DF OF 
 1 Brett Lernout            Emil Djuse               60     1   2  2  
 2 Carl Gunnarsson          Zac Leslie               40     1   2  2  

Penalty Kill - 3 Players Forward 
   Forward                                           Time % Phy DF OF 
 1 Tyler Bozak                                       60     1   2  2  
 2 Nail Yakupov                                      40     1   2  2  

Penalty Kill - 3 Players Defense
   Defense                  Defense                  Time % Phy DF OF 
 1 Carl Gunnarsson          Emil Djuse               60     1   2  2  
 2 Zac Leslie               Brett Lernout            40     1   2  2  

4 vs 4 Forward 
   Center                   Wing                     Time % Phy DF OF 
 1 Tyler Bozak              Nail Yakupov             60     1   2  2  
 2 Mark Jankowski           Anton Slepyshev          40     1   2  2  

4 vs 4 Defense
   Defense                  Defense                  Time % Phy DF OF 
 1 Carl Gunnarsson          Brett Lernout            60     1   2  2  
 2 Zac Leslie               Erik Cernak              40     1   2  2  

Last Minutes Offensive
   Center                   Left Wing                Right Wing               Defense                  Defense                  
   Tyler Bozak              Anton Slepyshev          Nail Yakupov             Carl Gunnarsson          Chris Bigras             

Last Minutes Defensive
   Center                   Left Wing                Right Wing               Defense                  Defense                  
   Tyler Bozak              Anton Slepyshev          Nail Yakupov             Carl Gunnarsson          Chris Bigras             

Goaltenders
Starting : Ilya Samsonov            
Backup : Mark Visentin            

Extra Forwards
Normal : Mark Jankowski, Alex Tuch, Tyler Bozak - PP : Mark Jankowski, Alex Tuch - PK : Tyler Bozak
Extra Defensemen
Normal : Brett Lernout, Emil Djuse, Gustav Olofsson - PP : Emil Djuse - PK : Brett Lernout, Gustav Olofsson
Penalty Shots
Daniel Zaar, Tyler Bozak, Kasperi Kapanen, Alex Tuch, Anton Slepyshev

Scratches
Louis Leblanc (Healthy), Caleb Jones (Sprained Left Knee Injury), Nick Merkley (Healthy), Cole Cassels (Healthy), Jordan Subban (Healthy)
Jeremy Gregoire (Healthy), Connor Hurley (Healthy), Remi Elie (Healthy), Brett Ritchie (Healthy), Anders Bjork (Healthy)
Eric Gustafsson (Back Injury), Hunter Smith (Healthy), Jack Campbell (Healthy)

Reign

5 vs 5 Forward 
   Center                   Left Wing                Right Wing               Time % Phy DF OF 
 1 Daultan Leveillé         Alex Iafallo             Mikko Rantanen           35     1   2  2  
 2 Lars Eller               Jonathan Drouin          Ryan Hartman             30     1   2  2  
 3 Sergey Kalinin           Brendan Lemieux          Mark Stone               30     1   2  2  
 4 Mike Amadio              Jordan Greenway          Josh Anderson            5      1   2  2  

5 vs 5 Defense 
   Defense                  Defense                                           Time % Phy DF OF 
 1 Griffin Reinhart         Josh Manson                                       35     1   3  1  
 2 Nikita Zadorov           Zach Werenski                                     35     1   3  1  
 3 Dmitri Orlov             Matt Roy                                          20     1   3  1  
 4 Kurtis Macdermid         Derek Forbort                                     10     1   3  1  

PowerPlay Forward 
   Center                   Left Wing                Right Wing               Time % Phy DF OF 
 1 Jonathan Drouin          Brendan Lemieux          Mikko Rantanen           60     1   2  2  
 2 Daultan Leveillé         Alex Iafallo             Ryan Hartman             40     1   2  2  

PowerPlay Defense
   Defense                  Defense                                           Time % Phy DF OF 
 1 Griffin Reinhart         Zach Werenski                                     60     1   2  2  
 2 Dmitri Orlov             Nikita Zadorov                                    40     1   2  2  

Penalty Kill 4 Players Forward 
   Center                   Wing                     Time % Phy DF OF 
 1 Sergey Kalinin           Mike Amadio              60     1   3  1  
 2 Daultan Leveillé         Ryan Hartman             40     1   3  1  

Penalty Kill 4 Players Defense
   Defense                  Defense                  Time % Phy DF OF 
 1 Nikita Zadorov           Josh Manson              60     1   4  0  
 2 Derek Forbort            Dmitri Orlov             40     1   4  0  

Penalty Kill - 3 Players Forward 
   Forward                                           Time % Phy DF OF 
 1 Sergey Kalinin                                    60     2   3  0  
 2 Daultan Leveillé                                  40     2   3  0  

Penalty Kill - 3 Players Defense
   Defense                  Defense                  Time % Phy DF OF 
 1 Josh Manson              Nikita Zadorov           60     1   4  0  
 2 Derek Forbort            Dmitri Orlov             40     1   4  0  

4 vs 4 Forward 
   Center                   Wing                     Time % Phy DF OF 
 1 Jonathan Drouin          Ryan Hartman             60     1   2  2  
 2 Mikko Rantanen           Mark Stone               40     1   2  2  

4 vs 4 Defense
   Defense                  Defense                  Time % Phy DF OF 
 1 Nikita Zadorov           Zach Werenski            60     1   2  2  
 2 Josh Manson              Griffin Reinhart         40     1   2  2  

Last Minutes Offensive
   Center                   Left Wing                Right Wing               Defense                  Defense                  
   Daultan Leveillé         Jonathan Drouin          Mikko Rantanen           Griffin Reinhart         Zach Werenski            

Last Minutes Defensive
   Center                   Left Wing                Right Wing               Defense                  Defense                  
   Daultan Leveillé         Brendan Lemieux          Ryan Hartman             Nikita Zadorov           Josh Manson              

Goaltenders
Starting : Elvis Merzlikins         
Backup : Jake Allen               

Extra Forwards
Normal : Mikko Rantanen, Ryan Hartman, Mark Stone - PP : Mark Stone, Mike Amadio - PK : Brendan Lemieux
Extra Defensemen
Normal : Zach Werenski, Josh Manson, Nikita Zadorov - PP : Matt Roy - PK : Zach Werenski, Griffin Reinhart
Penalty Shots
Lars Eller, Mikko Rantanen, Mark Stone, Daultan Leveillé, Ryan Hartman

Scratches
Jacob Josefson (Healthy), Jordan Weal (Healthy), Blake Lizotte (Healthy), Bokondji Imama (Healthy), Joel Vermin (Healthy)
Cal Petersen (Healthy)

% Time on Ice - Condors

Lines # - Real PCT - Wanted PCT - Time Play
Normal Forward
1 - 39% - 40% - 19:23
2 - 27% - 30% - 13:19
3 - 19% - 20% - 9:34
4 - 15% - 10% - 7:39
Normal Defense
1 - 41% - 40% - 20:25
2 - 30% - 30% - 14:46
3 - 21% - 20% - 10:25
4 - 9% - 10% - 4:19
PP Forward
1 - 58% - 60% - 3:26
2 - 42% - 40% - 2:31
PP Defense
1 - 61% - 60% - 3:38
2 - 39% - 40% - 2:19
PK Forward
1 - 85% - 60% - 3:31
2 - 15% - 40% - 0:37
PK Defense
1 - 75% - 60% - 3:07
2 - 25% - 40% - 1:01
PK3 Forward
1 - 0% - 60%
2 - 0% - 40%
PK3 Defense
1 - 0% - 60%
2 - 0% - 40%
44 Forward
1 - 0% - 60%
2 - 0% - 40%
44 Defense
1 - 0% - 60%
2 - 0% - 40%
Last Minute Offensive  - 0:00
Last Minute Defensive  - 0:00
Total
Forward - 60:00
Defense - 60:00

% Time on Ice - Reign

Lines # - Real PCT - Wanted PCT - Time Play
Normal Forward
1 - 31% - 35% - 15:30
2 - 26% - 30% - 13:07
3 - 25% - 30% - 12:28
4 - 18% - 5% - 8:50
Normal Defense
1 - 36% - 35% - 18:09
2 - 36% - 35% - 17:52
3 - 19% - 20% - 9:37
4 - 9% - 10% - 4:17
PP Forward
1 - 66% - 60% - 2:43
2 - 34% - 40% - 1:25
PP Defense
1 - 79% - 60% - 3:16
2 - 21% - 40% - 0:52
PK Forward
1 - 70% - 60% - 4:11
2 - 30% - 40% - 1:46
PK Defense
1 - 58% - 60% - 3:26
2 - 42% - 40% - 2:31
PK3 Forward
1 - 0% - 60%
2 - 0% - 40%
PK3 Defense
1 - 0% - 60%
2 - 0% - 40%
44 Forward
1 - 0% - 60%
2 - 0% - 40%
44 Defense
1 - 0% - 60%
2 - 0% - 40%
Last Minute Offensive  - 0:00
Last Minute Defensive  - 0:00
Total
Forward - 60:00
Defense - 60:00

Play-by-Play

1st period


0:01 of 1st period - Daultan Leveillé wins face-off versus Tyler Bozak in neutral zone.
0:06 of 1st period - Slapshot by Daultan Leveillé.
0:06 of 1st period - Deflect By Alex Iafallo.
0:06 of 1st period - Shot Misses the Net.
0:06 of 1st period - Puck is out of play.
0:07 of 1st period - Daultan Leveillé wins face-off versus Tyler Bozak in Condors zone.
0:47 of 1st period - Snap shot by Nail Yakupov.
0:47 of 1st period - Stopped by Elvis Merzlikins with a rebound.
1:14 of 1st period - Off-side.
1:15 of 1st period - Lars Eller wins face-off versus Kasperi Kapanen in neutral zone.
1:24 of 1st period - Snap shot by Zach Werenski.
1:24 of 1st period - Stopped by Ilya Samsonov without a rebound.
1:25 of 1st period - Frederik Gauthier wins face-off versus Lars Eller in Condors zone.
2:02 of 1st period - Snap shot by Frederik Gauthier.
2:02 of 1st period - Deflect By Alex Tuch.
2:02 of 1st period - Shot Misses the Net.
2:02 of 1st period - Puck is out of play.
2:03 of 1st period - Stephane Da Costa wins face-off versus Sergey Kalinin in Reign zone.
2:06 of 1st period - Snap shot by Daniel Zaar.
2:06 of 1st period - Shot Blocked by Matt Roy.
2:08 of 1st period - Minor Penalty to Brendan Lemieux for Roughing.
2:09 of 1st period - Frederik Gauthier wins face-off versus Sergey Kalinin in Reign zone.
2:45 of 1st period - Slapshot by Nail Yakupov.
2:45 of 1st period - Shot Misses the Net.
2:47 of 1st period - Wrist shot by Zac Leslie.
2:47 of 1st period - Deflect By Ryan Hartman.
2:47 of 1st period - Stopped by Elvis Merzlikins without a rebound.
2:48 of 1st period - Sergey Kalinin wins face-off versus Tyler Bozak in Reign zone.
3:49 of 1st period - Sergey Kalinin is hit by Carl Gunnarsson and loses puck.
4:08 of 1st period - Penalty to Brendan Lemieux is over, Brendan Lemieux is back on ice.
4:14 of 1st period - Wrist shot by Stephane Da Costa.
4:14 of 1st period - Shot Misses the Net.
5:22 of 1st period - Tyler Bozak is hit by Lars Eller and loses puck.
5:45 of 1st period - Slapshot by C.J Suess.
5:45 of 1st period - Stopped by Elvis Merzlikins without a rebound.
5:46 of 1st period - Sergey Kalinin wins face-off versus Mark Jankowski in Reign zone.
6:33 of 1st period - Icing by Brett Lernout.
6:34 of 1st period - Christian Thomas wins face-off versus Mike Amadio in Condors zone.
6:34 of 1st period - Christian Thomas is hit by Josh Anderson.
7:07 of 1st period - Off-side.
7:08 of 1st period - Frederik Gauthier wins face-off versus Brendan Lemieux in neutral zone.
7:12 of 1st period - Icing by Zach Werenski.
7:13 of 1st period - Sergey Kalinin wins face-off versus Frederik Gauthier in Reign zone.
7:45 of 1st period - Snap shot by Sergey Kalinin.
7:45 of 1st period - Shot Blocked by Chris Bigras.
7:47 of 1st period - Backhand shot by Sergey Kalinin.
7:47 of 1st period - Shot Blocked by Daniel Zaar.
7:49 of 1st period - Snap shot by Sergey Kalinin.
7:49 of 1st period - Stopped by Ilya Samsonov with a rebound.
7:51 of 1st period - Snap shot by Sergey Kalinin.
7:51 of 1st period - Stopped by Ilya Samsonov with a rebound.
7:53 of 1st period - Slapshot by Nikita Zadorov.
7:53 of 1st period - Stopped by Ilya Samsonov with a rebound.
7:55 of 1st period - Snap shot by Brendan Lemieux.
7:55 of 1st period - Shot Misses the Net.
7:57 of 1st period - Wrist shot by Brendan Lemieux.
7:57 of 1st period - Stopped by Ilya Samsonov with a rebound.
7:59 of 1st period - Wrist shot by Sergey Kalinin.
7:59 of 1st period - Stopped by Ilya Samsonov without a rebound.
8:00 of 1st period - Daultan Leveillé wins face-off versus Tyler Bozak in Condors zone.
8:03 of 1st period - Snap shot by Daultan Leveillé.
8:03 of 1st period - Stopped by Ilya Samsonov without a rebound.
8:04 of 1st period - Mikko Rantanen wins face-off versus Tyler Bozak in Condors zone.
8:54 of 1st period - Snap shot by Daniel Zaar.
8:54 of 1st period - Shot Misses the Net.
9:12 of 1st period - Brett Lernout is hit by Jordan Greenway and loses puck.
9:35 of 1st period - Wrist shot by Nail Yakupov.
9:35 of 1st period - Shot Blocked by Daultan Leveillé.
9:37 of 1st period - Slapshot by Brett Lernout.
9:37 of 1st period - Shot Blocked by Daultan Leveillé.
9:39 of 1st period - Wrist shot by Anton Slepyshev.
9:39 of 1st period - Stopped by Elvis Merzlikins with a rebound.
9:41 of 1st period - Snap shot by Anton Slepyshev.
9:41 of 1st period - Stopped by Elvis Merzlikins with a rebound.
9:43 of 1st period - Slapshot by Brett Lernout.
9:43 of 1st period - Stopped by Elvis Merzlikins without a rebound.
9:44 of 1st period - Frederik Gauthier wins face-off versus Lars Eller in Reign zone.
9:55 of 1st period - Backhand shot by Kasperi Kapanen.
9:55 of 1st period - Shot Blocked by Ryan Hartman.
9:57 of 1st period - Slapshot by Zac Leslie.
9:57 of 1st period - Shot Misses the Net.
9:59 of 1st period - Snap shot by Frederik Gauthier.
9:59 of 1st period - Stopped by Elvis Merzlikins with a rebound.
10:09 of 1st period - Josh Manson is hit by Stephane Da Costa and loses puck.
10:18 of 1st period - Slapshot by Stephane Da Costa.
10:18 of 1st period - Stopped by Elvis Merzlikins with a rebound.
10:20 of 1st period - Slapshot by Zac Leslie.
10:20 of 1st period - Deflect By Stephane Da Costa.
10:20 of 1st period - Stopped by Elvis Merzlikins with a rebound.
10:22 of 1st period - Slapshot by Christian Thomas.
10:22 of 1st period - Shot Hit the Post.
11:53 of 1st period - Snap shot by Mark Stone.
11:53 of 1st period - Stopped by Ilya Samsonov with a rebound.
11:56 of 1st period - Icing by Brett Lernout.
11:57 of 1st period - Sergey Kalinin wins face-off versus Tyler Bozak in Condors zone.
12:28 of 1st period - Wrist shot by Tyler Bozak.
12:28 of 1st period - Stopped by Elvis Merzlikins with a rebound.
12:30 of 1st period - Snap shot by Anton Slepyshev.
12:30 of 1st period - Shot Misses the Net.
12:32 of 1st period - Slapshot by Brett Lernout.
12:32 of 1st period - Shot Misses the Net.
13:47 of 1st period - Wrist shot by Nail Yakupov.
13:47 of 1st period - Stopped by Elvis Merzlikins with a rebound.
13:55 of 1st period - Wrist shot by Nail Yakupov.
13:55 of 1st period - Shot Misses the Net.
13:57 of 1st period - Slapshot by Carl Gunnarsson.
13:57 of 1st period - Stopped by Elvis Merzlikins with a rebound.
13:59 of 1st period - Slapshot by Carl Gunnarsson.
13:59 of 1st period - Stopped by Elvis Merzlikins without a rebound.
14:00 of 1st period - Frederik Gauthier wins face-off versus Daultan Leveillé in Reign zone.
14:46 of 1st period - Daniel Zaar is hit by Josh Anderson and loses puck.
15:05 of 1st period - Mark Jankowski is hit by Matt Roy and loses puck.
15:14 of 1st period - Wrist shot by Mark Jankowski.
15:14 of 1st period - Shot Misses the Net.
15:19 of 1st period - Icing by Ryan Hartman.
15:20 of 1st period - Lars Eller wins face-off versus Frederik Gauthier in Reign zone.
16:07 of 1st period - Nikita Zadorov is hit by Daniel Zaar and loses puck.
16:12 of 1st period - Snap shot by Stephane Da Costa.
16:12 of 1st period - Stopped by Elvis Merzlikins with a rebound.
17:47 of 1st period - Wrist shot by Anton Slepyshev.
17:47 of 1st period - Stopped by Elvis Merzlikins with a rebound.
18:09 of 1st period - Alex Iafallo is hit by Frederik Gauthier and loses puck.
18:46 of 1st period - Ryan Hartman is hit by Brett Lernout and loses puck.
19:01 of 1st period - Derek Forbort is hit by Frederik Gauthier.
19:05 of 1st period - Jordan Greenway is hit by Alex Tuch.
19:34 of 1st period - Ryan Hartman is hit by Anton Slepyshev and loses puck.
19:42 of 1st period - Tyler Bozak is hit by Lars Eller and loses puck.
19:57 of 1st period - Nikita Zadorov is hit by Erik Cernak and loses puck.
Goals for this period are 0 for Condors vs 0 for Reign.
Shots for this period are 15 for Condors vs 8 for Reign.

2nd period


0:01 of 2nd period - Tyler Bozak wins face-off versus Daultan Leveillé in neutral zone.
0:12 of 2nd period - Nail Yakupov is hit by Alex Iafallo and loses puck.
0:29 of 2nd period - Off-side.
0:30 of 2nd period - Lars Eller wins face-off versus Frederik Gauthier in neutral zone.
0:33 of 2nd period - Backhand shot by Jonathan Drouin.
0:33 of 2nd period - Deflect By Ryan Hartman.
0:33 of 2nd period - Stopped by Ilya Samsonov with a rebound.
0:43 of 2nd period - Slapshot by Lars Eller.
0:43 of 2nd period - Stopped by Ilya Samsonov without a rebound.
0:44 of 2nd period - Tyler Bozak wins face-off versus Daultan Leveillé in Condors zone.
0:56 of 2nd period - Icing by Zach Werenski.
0:57 of 2nd period - Daultan Leveillé wins face-off versus Tyler Bozak in Reign zone.
1:07 of 2nd period - Minor Penalty to Anton Slepyshev for Roughing.
1:08 of 2nd period - Frederik Gauthier wins face-off versus Jonathan Drouin in Condors zone.
1:08 of 2nd period - Frederik Gauthier is hit by Mikko Rantanen.
1:16 of 2nd period - Off-side.
1:17 of 2nd period - Nail Yakupov wins face-off versus Jonathan Drouin in neutral zone.
1:27 of 2nd period - Off-side.
1:28 of 2nd period - Jonathan Drouin wins face-off versus Frederik Gauthier in neutral zone.
1:41 of 2nd period - Snap shot by Nail Yakupov.
1:41 of 2nd period - Shot Misses the Net.
2:10 of 2nd period - Wrist shot by Alex Iafallo.
2:10 of 2nd period - Stopped by Ilya Samsonov with a rebound.
2:12 of 2nd period - Wrist shot by Daultan Leveillé.
2:12 of 2nd period - Shot Misses the Net.
3:07 of 2nd period - Penalty to Anton Slepyshev is over, Anton Slepyshev is back on ice.
3:18 of 2nd period - Brett Lernout is hit by Zach Werenski and loses puck.
3:45 of 2nd period - Mike Amadio is hit by Adam Erne and loses puck.
4:35 of 2nd period - Jonathan Drouin is hit by Kasperi Kapanen and loses puck.
4:53 of 2nd period - Wrist shot by Jordan Greenway.
4:53 of 2nd period - Shot Misses the Net.
4:55 of 2nd period - Snap shot by Josh Anderson.
4:55 of 2nd period - Stopped by Ilya Samsonov with a rebound.
4:57 of 2nd period - Wrist shot by Mike Amadio.
4:57 of 2nd period - Shot Misses the Net.
5:22 of 2nd period - Icing by Adam Erne.
5:23 of 2nd period - Mark Jankowski wins face-off versus Sergey Kalinin in Condors zone.
5:35 of 2nd period - Icing by Tyler Bozak.
5:36 of 2nd period - Daultan Leveillé wins face-off versus Tyler Bozak in Condors zone.
5:43 of 2nd period - Snap shot by Mikko Rantanen.
5:43 of 2nd period - Shot Misses the Net.
5:55 of 2nd period - Wrist shot by Anton Slepyshev.
5:55 of 2nd period - Stopped by Elvis Merzlikins without a rebound.
5:56 of 2nd period - Jonathan Drouin wins face-off versus Frederik Gauthier in Reign zone.
5:56 of 2nd period - Jonathan Drouin is hit by Kasperi Kapanen.
6:28 of 2nd period - Snap shot by Anton Slepyshev.
6:28 of 2nd period - Shot Misses the Net.
7:09 of 2nd period - Griffin Reinhart is hit by Mark Jankowski and loses puck.
7:30 of 2nd period - Mike Amadio is hit by Zac Leslie and loses puck.
7:53 of 2nd period - Slapshot by Mike Amadio.
7:53 of 2nd period - Stopped by Ilya Samsonov with a rebound.
8:19 of 2nd period - Snap shot by Daniel Zaar.
8:19 of 2nd period - Stopped by Elvis Merzlikins with a rebound.
8:39 of 2nd period - Alex Tuch is hit by Jordan Greenway and loses puck.
9:12 of 2nd period - Snap shot by Jonathan Drouin.
9:12 of 2nd period - Shot Misses the Net.
9:14 of 2nd period - Slapshot by Josh Manson.
9:14 of 2nd period - Shot Misses the Net.
9:16 of 2nd period - Slapshot by Griffin Reinhart.
9:16 of 2nd period - Deflect By Anton Slepyshev.
9:16 of 2nd period - Stopped by Ilya Samsonov with a rebound.
9:18 of 2nd period - Wrist shot by Jonathan Drouin.
9:18 of 2nd period - Shot Misses the Net.
9:20 of 2nd period - Slapshot by Josh Manson.
9:20 of 2nd period - Shot Blocked by Brett Lernout.
9:22 of 2nd period - Wrist shot by Lars Eller.
9:22 of 2nd period - Stopped by Ilya Samsonov with a rebound.
9:29 of 2nd period - Icing by Brett Lernout.
9:30 of 2nd period - Sergey Kalinin wins face-off versus Tyler Bozak in Condors zone.
9:33 of 2nd period - Wrist shot by Mikko Rantanen.
9:33 of 2nd period - Shot Misses the Net.
9:59 of 2nd period - Wrist shot by Anton Slepyshev.
9:59 of 2nd period - Shot Blocked by Nikita Zadorov.
10:09 of 2nd period - Snap shot by Nail Yakupov.
10:09 of 2nd period - Stopped by Elvis Merzlikins with a rebound.
10:11 of 2nd period - Snap shot by Anton Slepyshev.
10:11 of 2nd period - Shot Misses the Net.
11:10 of 2nd period - Slapshot by Tyler Bozak.
11:10 of 2nd period - Stopped by Elvis Merzlikins with a rebound.
11:12 of 2nd period - Slapshot by Anton Slepyshev.
11:12 of 2nd period - Stopped by Elvis Merzlikins without a rebound.
11:13 of 2nd period - Lars Eller wins face-off versus Frederik Gauthier in Reign zone.
11:24 of 2nd period - Slapshot by Lars Eller.
11:24 of 2nd period - Stopped by Ilya Samsonov with a rebound.
11:26 of 2nd period - Snap shot by Ryan Hartman.
11:26 of 2nd period - Goal by Ryan Hartman - Condors : 0 - Reign : 1.
11:27 of 2nd period - Frederik Gauthier wins face-off versus Lars Eller in neutral zone.
11:54 of 2nd period - Daniel Zaar is hit by Dmitri Orlov and loses puck.
12:03 of 2nd period - Snap shot by Sergey Kalinin.
12:03 of 2nd period - Shot Misses the Net.
12:21 of 2nd period - Snap shot by Jordan Greenway.
12:21 of 2nd period - Deflect By Josh Anderson.
12:21 of 2nd period - Shot Misses the Net.
12:21 of 2nd period - Puck is out of play.
12:22 of 2nd period - Frederik Gauthier wins face-off versus Mike Amadio in Condors zone.
12:59 of 2nd period - Snap shot by Josh Anderson.
12:59 of 2nd period - Stopped by Ilya Samsonov with a rebound.
13:01 of 2nd period - Wrist shot by Josh Anderson.
13:01 of 2nd period - Stopped by Ilya Samsonov with a rebound.
13:03 of 2nd period - Slapshot by Nikita Zadorov.
13:03 of 2nd period - Shot Blocked by Erik Cernak.
13:36 of 2nd period - Slapshot by Zach Werenski.
13:36 of 2nd period - Deflect By Jordan Greenway.
13:36 of 2nd period - Shot Misses the Net.
13:36 of 2nd period - Puck is out of play.
13:37 of 2nd period - Lars Eller wins face-off versus Tyler Bozak in Condors zone.
13:47 of 2nd period - Minor Penalty to Zac Leslie for Goalie Interference.
13:48 of 2nd period - Jonathan Drouin wins face-off versus Frederik Gauthier in Condors zone.
13:48 of 2nd period - Snap shot by Zach Werenski.
13:48 of 2nd period - Shot Blocked by Brett Lernout.
13:58 of 2nd period - Slapshot by Zach Werenski.
13:58 of 2nd period - Shot Blocked by Brett Lernout.
14:00 of 2nd period - Slapshot by Dmitri Orlov.
14:00 of 2nd period - Goal by Dmitri Orlov - Condors : 0 - Reign : 2.
14:01 of 2nd period - Tyler Bozak wins face-off versus Sergey Kalinin in neutral zone.
14:04 of 2nd period - Wrist shot by Tyler Bozak.
14:04 of 2nd period - Stopped by Elvis Merzlikins without a rebound.
14:05 of 2nd period - Sergey Kalinin wins face-off versus Tyler Bozak in Reign zone.
14:20 of 2nd period - Wrist shot by Tyler Bozak.
14:20 of 2nd period - Shot Blocked by Griffin Reinhart.
14:38 of 2nd period - Off-side.
14:39 of 2nd period - Lars Eller wins face-off versus Tyler Bozak in neutral zone.
15:36 of 2nd period - Slapshot by Daniel Zaar.
15:36 of 2nd period - Shot Misses the Net.
15:38 of 2nd period - Slapshot by Stephane Da Costa.
15:38 of 2nd period - Goal by Stephane Da Costa - Condors : 1 - Reign : 2.
15:39 of 2nd period - Lars Eller wins face-off versus Tyler Bozak in neutral zone.
16:50 of 2nd period - Snap shot by Mark Jankowski.
16:50 of 2nd period - Shot Misses the Net.
17:16 of 2nd period - Wrist shot by Lars Eller.
17:16 of 2nd period - Stopped by Ilya Samsonov without a rebound.
17:17 of 2nd period - Daultan Leveillé wins face-off versus Tyler Bozak in Condors zone.
18:07 of 2nd period - Daniel Zaar is hit by Ryan Hartman and loses puck.
18:54 of 2nd period - Snap shot by Mark Stone.
18:54 of 2nd period - Shot Misses the Net.
19:00 of 2nd period - Minor Penalty to Brett Lernout for Interference.
19:01 of 2nd period - Nail Yakupov wins face-off versus Jonathan Drouin in Condors zone.
19:01 of 2nd period - Nail Yakupov is hit by Brendan Lemieux.
19:32 of 2nd period - Snap shot by Ryan Hartman.
19:32 of 2nd period - Shot Misses the Net.
19:34 of 2nd period - Wrist shot by Daultan Leveillé.
19:34 of 2nd period - Shot Misses the Net.
19:36 of 2nd period - Wrist shot by Dmitri Orlov.
19:36 of 2nd period - Stopped by Ilya Samsonov without a rebound.
19:37 of 2nd period - Jonathan Drouin wins face-off versus Frederik Gauthier in Condors zone.
19:42 of 2nd period - Wrist shot by Mikko Rantanen.
19:42 of 2nd period - Goal by Mikko Rantanen - Condors : 1 - Reign : 3.
19:43 of 2nd period - Tyler Bozak wins face-off versus Daultan Leveillé in neutral zone.
19:58 of 2nd period - Snap shot by Tyler Bozak.
19:58 of 2nd period - Shot Misses the Net.
Goals for this period are 1 for Condors vs 3 for Reign.
Shots for this period are 7 for Condors vs 15 for Reign.

3rd period


0:01 of 3rd period - Lars Eller wins face-off versus Frederik Gauthier in neutral zone.
0:03 of 3rd period - Minor Penalty to Ryan Hartman for Holding Stick.
0:04 of 3rd period - Sergey Kalinin wins face-off versus Frederik Gauthier in Reign zone.
0:04 of 3rd period - Sergey Kalinin is hit by Carl Gunnarsson.
0:13 of 3rd period - Nail Yakupov is hit by Mike Amadio and loses puck.
0:25 of 3rd period - Josh Manson is hit by Zac Leslie and loses puck.
1:59 of 3rd period - Josh Manson is hit by Christian Thomas.
2:03 of 3rd period - Penalty to Ryan Hartman is over, Ryan Hartman is back on ice.
2:07 of 3rd period - Wrist shot by Adam Erne.
2:07 of 3rd period - Deflect By Christian Thomas.
2:07 of 3rd period - Shot Misses the Net.
2:07 of 3rd period - Puck is out of play.
2:08 of 3rd period - Lars Eller wins face-off versus Christian Thomas in Reign zone.
2:15 of 3rd period - Wrist shot by Daniel Zaar.
2:15 of 3rd period - Stopped by Elvis Merzlikins without a rebound.
2:16 of 3rd period - Lars Eller wins face-off versus Daniel Zaar in Reign zone.
2:21 of 3rd period - Slapshot by Dmitri Orlov.
2:21 of 3rd period - Shot Blocked by Stephane Da Costa.
2:53 of 3rd period - Minor Penalty to Gustav Olofsson for Hooking.
2:54 of 3rd period - Jonathan Drouin wins face-off versus Frederik Gauthier in Condors zone.
2:57 of 3rd period - Snap shot by Jonathan Drouin.
2:57 of 3rd period - Stopped by Ilya Samsonov without a rebound.
2:58 of 3rd period - Jonathan Drouin wins face-off versus Frederik Gauthier in Condors zone.
2:59 of 3rd period - Slapshot by Brendan Lemieux.
2:59 of 3rd period - Shot Misses the Net.
3:29 of 3rd period - Slapshot by Zach Werenski.
3:29 of 3rd period - Goal by Zach Werenski - Condors : 1 - Reign : 4.
3:30 of 3rd period - Daultan Leveillé wins face-off versus Tyler Bozak in neutral zone.
3:39 of 3rd period - Backhand shot by Tyler Bozak.
3:39 of 3rd period - Deflect By Zach Werenski.
3:39 of 3rd period - Shot Misses the Net.
3:39 of 3rd period - Puck is out of play.
3:40 of 3rd period - Daultan Leveillé wins face-off versus Tyler Bozak in Reign zone.
4:03 of 3rd period - Backhand shot by Tyler Bozak.
4:03 of 3rd period - Stopped by Elvis Merzlikins without a rebound.
4:04 of 3rd period - Sergey Kalinin wins face-off versus Frederik Gauthier in Reign zone.
4:04 of 3rd period - Sergey Kalinin is hit by Carl Gunnarsson.
4:17 of 3rd period - Snap shot by Mark Stone.
4:17 of 3rd period - Shot Blocked by Brett Lernout.
4:19 of 3rd period - Snap shot by Sergey Kalinin.
4:19 of 3rd period - Shot Blocked by Brett Lernout.
4:25 of 3rd period - Minor Penalty to Brett Lernout for Interference.
4:26 of 3rd period - Frederik Gauthier wins face-off versus Jonathan Drouin in Condors zone.
5:03 of 3rd period - Slapshot by Zach Werenski.
5:03 of 3rd period - Goal by Zach Werenski - Condors : 1 - Reign : 5.
5:04 of 3rd period - Frederik Gauthier wins face-off versus Lars Eller in neutral zone.
5:15 of 3rd period - Slapshot by Lars Eller.
5:15 of 3rd period - Shot Blocked by Chris Bigras.
5:17 of 3rd period - Wrist shot by Jonathan Drouin.
5:17 of 3rd period - Stopped by Ilya Samsonov with a rebound.
5:58 of 3rd period - Christian Thomas is hit by Brendan Lemieux and loses puck.
6:13 of 3rd period - Wrist shot by Lars Eller.
6:13 of 3rd period - Shot Misses the Net.
6:15 of 3rd period - Snap shot by Nikita Zadorov.
6:15 of 3rd period - Stopped by Ilya Samsonov with a rebound.
6:17 of 3rd period - Snap shot by Lars Eller.
6:17 of 3rd period - Stopped by Ilya Samsonov with a rebound.
6:19 of 3rd period - Slapshot by Zach Werenski.
6:19 of 3rd period - Shot Blocked by Gustav Olofsson.
6:31 of 3rd period - Snap shot by Frederik Gauthier.
6:31 of 3rd period - Shot Misses the Net.
6:33 of 3rd period - Snap shot by Alex Tuch.
6:33 of 3rd period - Shot Blocked by Matt Roy.
6:35 of 3rd period - Snap shot by Alex Tuch.
6:35 of 3rd period - Shot Blocked by Dmitri Orlov.
6:56 of 3rd period - Wrist shot by Josh Anderson.
6:56 of 3rd period - Shot Misses the Net.
6:59 of 3rd period - Icing by Carl Gunnarsson.
7:00 of 3rd period - Sergey Kalinin wins face-off versus Tyler Bozak in Condors zone.
7:10 of 3rd period - Josh Manson and Nail Yakupov fight to a draw.
7:10 of 3rd period - Penalty to Josh Manson for Fighting.
7:10 of 3rd period - Penalty to Nail Yakupov for Fighting.
7:11 of 3rd period - Lars Eller wins face-off versus Tyler Bozak in Reign zone.
7:11 of 3rd period - Lars Eller is hit by Chris Bigras.
7:37 of 3rd period - Kasperi Kapanen is hit by Alex Iafallo and loses puck.
7:58 of 3rd period - Slapshot by Stephane Da Costa.
7:58 of 3rd period - Shot Blocked by Kurtis Macdermid.
8:19 of 3rd period - Snap shot by Mike Amadio.
8:19 of 3rd period - Stopped by Ilya Samsonov with a rebound.
8:39 of 3rd period - Jonathan Drouin is hit by Alex Tuch and loses puck.
8:58 of 3rd period - Wrist shot by Mikko Rantanen.
8:58 of 3rd period - Shot Misses the Net.
9:32 of 3rd period - Brett Lernout is hit by Nikita Zadorov and loses puck.
10:09 of 3rd period - Slapshot by Mike Amadio.
10:09 of 3rd period - Stopped by Ilya Samsonov without a rebound.
10:10 of 3rd period - Tyler Bozak wins face-off versus Mike Amadio in Condors zone.
10:10 of 3rd period - Tyler Bozak is hit by Josh Anderson.
10:18 of 3rd period - Snap shot by Tyler Bozak.
10:18 of 3rd period - Stopped by Elvis Merzlikins with a rebound.
10:20 of 3rd period - Slapshot by Gustav Olofsson.
10:20 of 3rd period - Deflect By Dmitri Orlov.
10:20 of 3rd period - Stopped by Elvis Merzlikins without a rebound.
10:21 of 3rd period - Frederik Gauthier wins face-off versus Daultan Leveillé in Reign zone.
10:47 of 3rd period - Tyler Bozak is hit by Lars Eller.
11:07 of 3rd period - Wrist shot by Daniel Zaar.
11:07 of 3rd period - Stopped by Elvis Merzlikins without a rebound.
11:08 of 3rd period - Stephane Da Costa wins face-off versus Sergey Kalinin in Reign zone.
11:09 of 3rd period - Snap shot by Daniel Zaar.
11:09 of 3rd period - Shot Misses the Net.
11:11 of 3rd period - Snap shot by Stephane Da Costa.
11:11 of 3rd period - Shot Misses the Net.
11:13 of 3rd period - Backhand shot by Carl Gunnarsson.
11:13 of 3rd period - Shot Misses the Net.
11:15 of 3rd period - Snap shot by Carl Gunnarsson.
11:15 of 3rd period - Deflect By Stephane Da Costa.
11:15 of 3rd period - Shot Misses the Net.
11:15 of 3rd period - Puck is out of play.
11:16 of 3rd period - Daultan Leveillé wins face-off versus Frederik Gauthier in Reign zone.
11:16 of 3rd period - Daultan Leveillé is hit by Frederik Gauthier.
11:26 of 3rd period - Wrist shot by Kasperi Kapanen.
11:26 of 3rd period - Shot Misses the Net.
11:51 of 3rd period - Off-side.
11:52 of 3rd period - Sergey Kalinin wins face-off versus Tyler Bozak in neutral zone.
11:59 of 3rd period - Wrist shot by Brendan Lemieux.
11:59 of 3rd period - Deflect By Sergey Kalinin.
11:59 of 3rd period - Stopped by Ilya Samsonov without a rebound.
12:00 of 3rd period - Sergey Kalinin wins face-off versus Tyler Bozak in Condors zone.
12:01 of 3rd period - Slapshot by Brendan Lemieux.
12:01 of 3rd period - Shot Misses the Net.
12:03 of 3rd period - Wrist shot by Mark Stone.
12:03 of 3rd period - Shot Misses the Net.
12:05 of 3rd period - Slapshot by Derek Forbort.
12:05 of 3rd period - Deflect By Brendan Lemieux.
12:05 of 3rd period - Shot Misses the Net.
12:05 of 3rd period - Puck is out of play.
12:06 of 3rd period - Frederik Gauthier wins face-off versus Daultan Leveillé in Condors zone.
12:11 of 3rd period - Slapshot by Carl Gunnarsson.
12:11 of 3rd period - Shot Blocked by Zach Werenski.
12:19 of 3rd period - Slapshot by Kasperi Kapanen.
12:19 of 3rd period - Shot Misses the Net.
12:21 of 3rd period - Wrist shot by Frederik Gauthier.
12:21 of 3rd period - Shot Hit the Post.
12:31 of 3rd period - Tyler Bozak is hit by Brendan Lemieux and loses puck.
12:42 of 3rd period - Slapshot by Griffin Reinhart.
12:42 of 3rd period - Stopped by Ilya Samsonov with a rebound.
12:58 of 3rd period - Mark Jankowski is hit by Sergey Kalinin and loses puck.
13:23 of 3rd period - Snap shot by Daniel Zaar.
13:23 of 3rd period - Shot Misses the Net.
13:25 of 3rd period - Slapshot by Chris Bigras.
13:25 of 3rd period - Stopped by Elvis Merzlikins without a rebound.
13:26 of 3rd period - Tyler Bozak wins face-off versus Daultan Leveillé in Reign zone.
14:19 of 3rd period - Snap shot by Zach Werenski.
14:19 of 3rd period - Shot Blocked by Christian Thomas.
14:46 of 3rd period - Off-side.
14:47 of 3rd period - Tyler Bozak wins face-off versus Alex Iafallo in neutral zone.
14:52 of 3rd period - Snap shot by Tyler Bozak.
14:52 of 3rd period - Stopped by Elvis Merzlikins without a rebound.
14:53 of 3rd period - Daultan Leveillé wins face-off versus Tyler Bozak in Reign zone.
15:03 of 3rd period - Snap shot by Anton Slepyshev.
15:03 of 3rd period - Stopped by Elvis Merzlikins with a rebound.
15:05 of 3rd period - Wrist shot by Tyler Bozak.
15:05 of 3rd period - Goal by Tyler Bozak - Condors : 2 - Reign : 5.
15:06 of 3rd period - Lars Eller wins face-off versus Alex Tuch in neutral zone.
15:16 of 3rd period - Off-side.
15:17 of 3rd period - Daultan Leveillé wins face-off versus Tyler Bozak in neutral zone.
15:24 of 3rd period - Slapshot by Zach Werenski.
15:24 of 3rd period - Deflect By Daultan Leveillé.
15:24 of 3rd period - Stopped by Ilya Samsonov with a rebound.
15:32 of 3rd period - Snap shot by Alex Iafallo.
15:32 of 3rd period - Stopped by Ilya Samsonov with a rebound.
15:39 of 3rd period - Icing by Nail Yakupov.
15:40 of 3rd period - Lars Eller wins face-off versus Tyler Bozak in Condors zone.
16:21 of 3rd period - Snap shot by Tyler Bozak.
16:21 of 3rd period - Deflect By Nail Yakupov.
16:21 of 3rd period - Shot Misses the Net.
16:21 of 3rd period - Puck is out of play.
16:22 of 3rd period - Frederik Gauthier wins face-off versus Sergey Kalinin in Reign zone.
17:10 of 3rd period - Slapshot by Josh Anderson.
17:10 of 3rd period - Shot Blocked by Erik Cernak.
17:32 of 3rd period - Minor Penalty to Lars Eller for Holding.
17:33 of 3rd period - Sergey Kalinin wins face-off versus Frederik Gauthier in Reign zone.
18:09 of 3rd period - Derek Forbort is hit by Zac Leslie and loses puck.
18:44 of 3rd period - Frederik Gauthier is hit by Ryan Hartman and loses puck.
19:15 of 3rd period - Tyler Bozak is hit by Alex Iafallo and loses puck.
19:32 of 3rd period - Penalty to Lars Eller is over, Lars Eller is back on ice.
19:44 of 3rd period - Snap shot by Adam Erne.
19:44 of 3rd period - Deflect By C.J Suess.
19:44 of 3rd period - Stopped by Elvis Merzlikins without a rebound.
19:45 of 3rd period - Lars Eller wins face-off versus Mark Jankowski in Reign zone.
19:45 of 3rd period - Lars Eller is hit by Adam Erne.
Goals for this period are 1 for Condors vs 2 for Reign.
Shots for this period are 10 for Condors vs 12 for Reign.